Map: Lost and Found LE

Players

HellraiseR - Winner!

  • Race: Protoss Protoss
  • League: Master
  • Spawn Location: 7:00

MMA

  • Race: Terran Terran
  • Spawn Location: 1:00

Event: HomeStory Cup XVII

VOD

Have the link to the VOD?

Description

Time

  • Played on: June 29, 2018, 11:52 a.m.
  • Length: 10:40

All games in this series

Show
View Real Time Build Order
Export as new Build Order

HellraiseR Protoss - Winner!

Build Orders: 1 Gate Expand, Double Forge, Colossus Rush 

Get SALT Encoding   

  12  0:00  Probe  
  13  0:13  Probe  
  14  0:17  Pylon  
  14  0:22  Probe  
  15  0:31  Probe  
  16  0:38  Gateway  
  16  0:40  Probe  
  16  0:47  Assimilator  
  17  0:52  Probe  
  18  1:04  Probe  
  19  1:20  Nexus  
  19  1:23  Probe  
  20  1:32  Cybernetics Core  
  20  1:35  Probe  
  21  1:40  Assimilator  
  21  1:49  Probe  
  21  1:50  Pylon  
  22  1:58  Stalker  
  22  1:59  Probe  
  22  2:07  Probe  
  23  2:09  Warp Gate  
  26  2:15  Probe  
  27  2:26  Robotics Facility  
  27  2:28  Probe  
  28  2:31  Probe  
  29  2:40  Probe x2  
  29  2:42  Stalker  
  32  2:51  Probe  
  33  2:52  Probe  
  35  3:03  Probe  
  35  3:04  Probe  
  36  3:10  Gateway  
  36  3:11  Gateway  
  36  3:13  Probe, Observer  
  36  3:17  Probe  
  39  3:21  Probe, Pylon  
  40  3:29  Probe x2  
  42  3:35  Observer  
  42  3:36  Assimilator  
  42  3:38  Assimilator  
  42  3:39  Probe  
  42  3:41  Probe  
  44  3:45  Robotics Bay  
  44  3:48  Probe, Pylon  
  45  3:53  Probe  
  45  3:55  Pylon  
  47  3:56  Probe  
  48  4:05  Probe, Observer  
  48  4:08  Probe  
  51  4:13  Shield Battery  
  51  4:14  Stalker  
  51  4:15  Stalker  
  55  4:17  Probe  
  55  4:19  Colossus  
  55  4:20  Probe, Stalker  
  59  4:29  Probe  
  66  4:45  Extended Thermal Lance  
  66  4:50  Forge  
  66  4:51  Forge  
  66  4:59  Nexus  
  66  5:02  Pylon  
  66  5:05  Protoss Ground Armor Level 1, Warp Prism  
  66  5:07  Sentry  
  66  5:13  Protoss Ground Weapons Level 1  
  70  5:20  Probe x2  
  72  5:29  Twilight Council  
  72  5:34  Gateway x2  
  72  5:37  Colossus  
  72  5:38  Gateway  
  78  5:53  Pylon  
  78  5:57  Observer  
  78  5:59  Pylon  
  78  6:05  Charge  
  78  6:10  Probe x3  
  78  6:11  Pylon  
  81  6:13  Sentry, Stalker  
  81  6:14  Zealot  
  87  6:22  Probe x2  
  87  6:23  Colossus, Probe  
  95  6:34  Probe x2  
  95  6:39  Gateway x2  
  97  6:41  Protoss Ground Armor Level 2, Pylon  
  97  6:43  Probe  
  97  6:46  Probe  
  99  6:47  Protoss Ground Weapons Level 2  
  99  6:54  Zealot x4  
  99  6:57  Zealot  
  99  6:58  Zealot  
  111  7:17  Zealot x5  
  111  7:19  Probe  
  111  7:21  Pylon  
  122  7:34  Pylon x2  
  122  7:35  Pylon  
  122  7:36  Blink  
  122  7:37  Nexus  
  122  7:46  Pylon  
  122  7:48  Probe x2  
  124  8:02  Stalker x2  
  124  8:03  Stalker x3  
  124  8:04  Stalker  
  135  8:05  Probe  
  135  8:07  Probe  
  135  8:08  Probe  
  138  8:17  Probe  
  138  8:19  Probe  
  140  8:20  Zealot x2  
  140  8:23  Pylon  
  144  8:30  Zealot x5  
  144  8:32  Zealot  
  156  8:43  Stalker x2  
  156  8:44  Pylon  
  160  8:59  Zealot x4  
  160  9:00  Zealot x2  
  172  9:09  Zealot x2  
  176  9:12  Pylon  
  176  9:14  Pylon  
  176  9:15  Templar Archives  
  174  9:17  Pylon  
  156  9:31  Zealot  
  156  9:32  Zealot x5  
  156  9:36  Zealot x2  
  164  9:46  Warp Prism  
  164  9:57  Nexus  
  164  9:59  High Templar x5  
  176  10:00  High Templar  
  176  10:01  Zealot  
  176  10:04  Archon x3  
  176  10:05  Zealot  
  182  10:14  Pylon  
  174  10:29  Stalker x2  
  140  10:38  Stalker x6  
Show
View Real Time Build Order
Export as new Build Order

MMA Terran 

Build Orders: Gas First Reaper Expand, Reaper Expand, MMM Bio 

Get SALT Encoding   

  12  0:00  SCV  
  13  0:12  SCV  
  14  0:18  Supply Depot  
  14  0:25  SCV  
  14  0:27  Refinery  
  15  0:39  SCV  
  16  0:43  Barracks  
  16  0:51  SCV  
  17  1:03  SCV  
  18  1:20  SCV  
  19  1:30  Reaper  
  20  1:33  Orbital Command  
  20  1:43  Command Center  
  20  1:54  Factory  
  20  1:58  SCV  
  21  2:03  Refinery  
  21  2:06  Barracks Reactor  
  21  2:10  SCV  
  21  2:14  Supply Depot  
  22  2:23  SCV  
  23  2:36  SCV  
  24  2:39  Widow Mine  
  24  2:40  Starport  
  24  2:42  Marine  
  24  2:43  Marine  
  28  2:48  SCV  
  29  3:00  Marine x2  
  29  3:01  Orbital Command  
  29  3:02  SCV  
  32  3:07  Factory Tech Lab  
  32  3:14  SCV  
  32  3:18  Marine x2  
  35  3:22  Viking  
  37  3:29  SCV x2  
  37  3:33  Supply Depot  
  39  3:37  Siege Tank  
  39  3:41  SCV x2  
  44  3:46  Marine x2  
  46  3:54  Medivac  
  46  3:55  Supply Depot, SCV  
  49  3:56  SCV  
  49  4:01  Bunker  
  49  4:04  Marine  
  49  4:05  Marine  
  49  4:07  SCV  
  49  4:08  SCV  
  53  4:13  Supply Depot  
  53  4:16  Siege Tank  
  56  4:20  SCV x2  
  56  4:23  Marine x2  
  60  4:35  Command Center  
  60  4:38  SCV x2  
  62  4:53  SCV x2  
  62  4:54  Factory Reactor  
  62  4:55  Stimpack  
  62  4:58  Starport Reactor  
  64  5:01  Barracks  
  64  5:05  Barracks  
  64  5:06  SCV x2  
  66  5:07  Refinery  
  66  5:08  Refinery  
  66  5:09  Supply Depot  
  66  5:18  SCV x2  
  68  5:22  Engineering Bay  
  68  5:23  Supply Depot  
  68  5:26  Engineering Bay  
  68  5:29  Marine  
  68  5:30  SCV  
  68  5:31  SCV  
  68  5:34  Supply Depot  
  71  5:43  SCV x2  
  71  5:48  Viking x2  
  77  5:50  Orbital Command  
  77  5:52  Factory Tech Lab  
  77  6:01  Terran Infantry Armor Level 1, Terran Infantry Weapons Level 1  
  77  6:03  Barracks Tech Lab  
  77  6:05  Marauder  
  79  6:16  Barracks x2  
  79  6:21  Combat Shields  
  79  6:22  Marauder  
  79  6:23  Viking, Medivac  
  85  6:26  Marauder  
  87  6:35  Orbital Command  
  87  6:37  Supply Depot x2, SCV x2  
  87  6:39  Marine  
  90  6:41  Marine  
  90  6:43  Marauder  
  93  6:48  Marauder  
  93  6:53  Viking x2  
  93  6:54  SCV x2  
  101  7:00  Supply Depot x2  
  101  7:02  Armory, Barracks Tech Lab  
  101  7:05  Barracks Tech Lab  
  101  7:06  SCV  
  101  7:07  SCV x2  
  104  7:15  Marauder x2  
  108  7:17  Marine x2  
  108  7:18  SCV  
  108  7:19  SCV x2  
  113  7:24  Viking  
  113  7:27  Viking  
  117  7:30  SCV  
  117  7:33  SCV  
  117  7:34  Refinery x2, SCV  
  120  7:41  Marauder x2  
  120  7:42  SCV  
  120  7:43  Marauder  
  127  7:45  Marauder  
  129  7:52  Terran Ship Weapons Level 1  
  129  7:53  Supply Depot  
  129  7:58  Viking  
  129  7:59  Viking, Supply Depot  
  129  8:03  Marauder x2  
  129  8:05  Marauder  
  137  8:08  SCV  
  137  8:09  SCV x2  
  137  8:12  Terran Infantry Weapons Level 2  
  140  8:15  Terran Infantry Armor Level 2  
  140  8:21  SCV  
  140  8:22  Missile Turret  
  140  8:23  Supply Depot  
  140  8:24  Missile Turret  
  140  8:25  Marauder  
  143  8:29  Marauder x2  
  143  8:31  Marauder  
  149  8:41  Viking x2  
  153  8:44  Supply Depot  
  153  8:46  Marauder  
  153  8:47  Supply Depot  
  153  8:48  Supply Depot  
  155  8:51  Marauder x2, Marine x2  
  161  9:01  Marauder  
  158  9:07  Marauder  
  158  9:09  Marine x2  
  155  9:12  Marauder  
  155  9:15  SCV x3  
  145  9:22  Marauder  
  145  9:23  Marauder  
  134  9:27  SCV x3  
  129  9:36  Liberator  
  129  9:37  Liberator  
  128  9:39  SCV x3  
  136  10:01  Marauder  
  136  10:03  Marauder  
  140  10:08  Marauder  
  140  10:09  Marauder  
  144  10:15  SCV x3  
Tags
 
Add a new tag
Caveats
  • Supply blocks, unpowered buildings, or Contaminate may cause inaccurate times.
  • Supply counts are checked every 10 seconds.